 Dungeon Crawl Stone Soup version 0.30.1-4-g462c640d31 (webtiles) character file.

Game seed: 14748915306265913262

16242 croobank the Covert (level 12, -9/75 HPs)
             Began as an Octopode Delver on Aug 14, 2023.
             Was a High Priest of Hepliaklqana.
             Mangled by a skeletal warrior
             ... wielding a +0 trident
              (16 damage)
             ... on level 12 of the Dungeon on Aug 15, 2023.
             The game lasted 01:16:24 (14018 turns).

croobank the Covert (Octopode Delver)              Turns: 14018, Time: 01:16:25

Health: -9/75      AC:  1    Str: 14    XL:     12   Next: 35%
Magic:  16/16      EV: 18    Int: 12    God:    Hepliaklqana [*****.]
Gold:   713        SH:  0    Dex: 21    Spells: 16/16 levels left

rFire   + . .        J - +4 scimitar "Ihiaf" {flame, Contam *Rage Will+ Dex+5 SInv}
rCold   + . .        c - +0 buckler
rNeg    . . .        (helmet restricted)
rPois   .            K - amulet of Ignis's Castigation {Regen+ Str+2 Int-5 Dex+3}
rElec   .            p - ring of see invisible
rCorr   .            B - ring of protection from fire
SInv    +            P - ring of flight
Will    +....        R - ring of protection from cold
Stlth   +++          (no ring)
HPRegen 1.12/turn    (no ring)
MPRegen 0.15/turn    (no ring)
                     (no ring)

%: random rage (20%)
@: confused, ambrosia-drunk, spiked, on berserk cooldown, flying
A: reduced essence, almost no armour, amphibious, 8 rings, camouflage 1,
gelatinous body 1, (nimble swimmer 1), tentacles
a: Renounce Religion, Recall Ancestor, Ancestor Identity, Transference, Idealise


You were on level 12 of the Dungeon.
You worshipped Hepliaklqana.
Hepliaklqana was extremely pleased with you.
You visited 1 branch of the dungeon, and saw 12 of its levels.
You also visited: Bailey.

You collected 753 gold pieces.
You spent 40 gold pieces at shops.

Inventory:

Hand Weapons
 a - a +6 short sword
 i - a +0 broad axe
 q - a +1 scimitar of flaming
 t - a +1 dagger of holy wrath
 F - a +2 scimitar of freezing
 I - a +3 long sword
 J - the +4 scimitar "Ihiaf" (weapon) {flame, Contam *Rage Will+ Dex+5 SInv}
   (You found it in a bailey)

   Dex:       It affects your dexterity (+5).
   SInv:      It lets you see invisible.
   *Rage:     It berserks you when you make melee attacks (+20% chance).
   Contam:    It causes magical contamination when unequipped.
   Will:      It increases your willpower.
Missiles
 r - 5 curare-tipped darts
 u - 21 poisoned darts
 C - 7 boomerangs
 O - 3 javelins
Armour
 c - a +0 buckler (worn)
Magical Staves
 E - a staff of conjuration
Jewellery
 p - a ring of see invisible (left tentacle)
 B - a ring of protection from fire (right tentacle)
 K - the amulet of Ignis's Castigation (around mantle) {Regen+ Str+2 Int-5 Dex+3}
   (You found it in a bailey)

   [amulet of regeneration]

   Str:       It affects your strength (+2).
   Int:       It affects your intelligence (-5).
   Dex:       It affects your dexterity (+3).
   Regen:     It increases your rate of health regeneration.
 P - a ring of flight (on tentacle)
 R - a ring of protection from cold (on tentacle)
Wands
 f - a wand of digging (9)
 h - a wand of paralysis (18) (quivered)
 j - a wand of mindburst (9)
 k - a wand of flame (25)
 v - a wand of iceblast (6)
 w - a wand of acid (7)
 y - a wand of polymorph (6)
Scrolls
 b - 2 scrolls of fog
 d - 3 scrolls of fear
 x - 2 scrolls of vulnerability
 D - 3 scrolls of teleportation
 L - 3 scrolls of enchant armour
 N - 2 scrolls of identify
 Q - a scroll of immolation
Potions
 e - 2 potions of haste
 l - 4 potions of flight
 m - 6 potions of might
 n - 2 potions of mutation
 o - a potion of brilliance
 A - 4 potions of curing
 G - a potion of attraction
 H - 5 potions of lignification
 M - a potion of resistance
Miscellaneous
 g - a phantom mirror


   Skills:
 + Level 8.3 Fighting
 + Level 8.0 Short Blades
 + Level 8.1 Dodging
 + Level 12.7 Stealth
 * Level 4.9 Shields
 + Level 2.6 Spellcasting
 + Level 2.7 Summonings
 - Level 0.2 Transmutations
 + Level 2.9 Air Magic
 * Level 4.5 Invocations
 - Level 10.0 Evocations


You had 16 spell levels left.
You didn't know any spells.
Your spell library contained the following spells:

 Spells                   Type           Power      Damage    Failure   Level
 Static Discharge         Conj/Air       10%        2-3/arc   28%         2
 Sandblast                Erth           2%         2d4       32%         1
 Vhi's Electric Charge    Tloc/Air       10%        N/A       50%         3
 Airstrike                Air            4%         2d(1-17)  71%         4
 Summon Lightning Spire   Summ/Air       8%         N/A       71%         4
 Arcjolt                  Conj/Air       2%         1d12      99%         5
 Plasma Beam              Fire/Air       2%         2x1d14    100%        6


Dungeon Overview and Level Annotations

Branches:
Dungeon (12/15)            Temple (0/1) D:5            Lair (0/5) D:9
    Orc (0/2) D:9          Bailey (visited)

Altars:
Fedhas
Gozag
Hepliaklqana
Makhleb
Qazlal
Ru
Sif Muna
Trog
Uskayaw
Vehumet
Wu Jian
Xom
Yredelemnul

Shops:
D:5 *   D:9 (   D:11 (   D:12 [*

Annotations:
D:3 2 transporters, middlethird's ghost, amateur FoNe
D:4 3 runed translucent doors, jsudlow's ghost, amateur TrBe
D:5 1 runed translucent door, Crazy Yiuf
D:11 3 runed translucent doors, bronco's ghost, journeyman OgAE


Innate Abilities, Weirdness & Mutations

Your life essence is reduced to manifest your ancestor. (-10% HP)
You cannot wear most types of armour.
You are amphibious.
You can wear up to eight rings at the same time.
Your skin changes colour to match your surroundings (Stealth+).
Your rubbery body absorbs attacks. (AC +1, EV +1)
((You are camouflaged when in or above water. (Stealth+)))
You have tentacles for arms and can constrict up to eight enemies at once.


Message History

The volley of spikes misses you.
A yaktaur comes into view. It is wielding a +0 arbalest.
Okay, then.
Your magical effects are unravelling.
You feel magically purged.
You feel yourself speed up. The acid dragon bites you.
The acid dragon closely misses you. The deep elf pyromancer misses you.
The skeletal warrior hits you from afar with a +0 trident!!
* * * LOW HITPOINT WARNING * * *
As you read the scroll of fear, it crumbles to dust.
You assume a fearsome visage.
The yaktaur looks frightened!
The five-headed hydra looks frightened!
The cyclops looks frightened!
The deep elf pyromancer looks frightened!
The troll looks frightened!
The manticore looks frightened!
The skeletal warrior is unaffected.
The acid dragon looks frightened!
The deep elf pyromancer casts a spell.
The deep elf pyromancer blinks!
The skeletal warrior hits you from afar with a +0 trident!
* * * LOW HITPOINT WARNING * * *
The yaktaur looks desperately for an escape route.
Okay, then.
Okay, then.
Aiming: Paralyse
Press: ? - help, Shift-Dir - straight line, f - skeletal warrior
Aim: a skeletal warrior, wielding a +0 trident (chance to affect: 10%)
Okay, then.
Okay, then.
Okay, then.
Okay, then.
Okay, then.
The barbs in your skin will harm you if you move.
Continue?
Okay, then.
Okay, then.
You are confused.
You feel invigorated.
The deep elf pyromancer gestures wildly while chanting.
The deep elf pyromancer blinks!
The skeletal warrior hits you from afar with a +0 trident!
You die...

#......###.# ..
###.#...###.# #c
. #......###..#
.#..
#.#...###.($#.D.
#.....##....#..
#.....e.####H#
#...##.##D§..#
#...# #.###...#
#...# .#. ##@.#
...# .. .. ##e#
..# .e. .C #z#
.... .. #.# .###
#.. #.. #.. #.


You could see a five-headed hydra (fleeing), a skeletal warrior, a manticore
(fleeing), a yaktaur (fleeing), 2 deep elf pyromancers and an acid dragon
(fleeing).

Vanquished Creatures
  Nergalle (D:11)
  An orc knight (Bailey)
  A cyclops (D:12)
  A manticore (D:11)
  A gargoyle (D:12)
  A komodo dragon (D:9)
  Maggie (D:6)
  4 trolls
  A vampire (D:12)
  A wyvern (D:8)
  17 yaks
  2 wraiths
  A vampire mosquito (D:11)
  A steam dragon (D:8)
  A water moccasin (D:7)
  11 orc warriors
  A black bear (D:9)
  4 centaurs
  An ogre (D:7)
  A kobold brigand (D:9)
  4 bullfrogs
  2 scorpions
  7 wights
  12 killer bees
  4 howler monkeys
  A hound (D:5)
  A jelly (D:5)
  A gnoll bouda (D:7)
  5 orc priests
  Ijyb (D:5)
  An iguana (D:5)
  8 orc wizards
  4 gnolls
  9 adders
  2 shadow imps
  3 white imps
  3 ufetubi
  A worm (D:2)
  A dart slug (D:1)
  24 orcs
  4 ball pythons
  4 bats
  6 endoplasms
  2 giant cockroaches
  4 goblins
  6 hobgoblins
  15 kobolds
  5 quokkas
  3 frilled lizards
196 creatures vanquished.

Vanquished Creatures (collateral kills)
  Erica (D:8)
  A two-headed ogre (D:11)
  A wizard (D:11)
  An ugly thing (D:8)
  A manticore (D:12)
  An unseen horror (D:12)
  2 trolls
  A wraith (D:10)
  4 yaks
  A steam dragon (D:8)
  2 vampire mosquitoes (D:11)
  An acid dragon (D:9)
  A sky beast (D:7)
  4 orc warriors
  2 kobold brigands
  A bullfrog (D:9)
  A gnoll sergeant (D:9)
  5 wights
  4 killer bees
  A howler monkey (D:10)
  4 orc wizards
  3 gnolls (D:9)
  A white imp (D:6)
  10 orcs
  9 kobolds
63 creatures vanquished.

Vanquished Creatures (others)
  A wizard (D:10)
  8 battlemagi
  4 ancestors (D:7)
13 creatures vanquished.

Grand Total: 272 creatures vanquished

Notes
Turn   | Place    | Note
-------+----------+-------------------------------------------
     0 | D:5      | croobank the Octopode Delver began the quest for the Orb.
     0 | D:5      | Reached XP level 1. HP: 16/16 MP: 1/1
    22 | D:6      | Reached XP level 2. HP: 21/21 MP: 2/2
    67 | D:6      | Noticed a scorpion
    74 | D:6      | Killed a scorpion
    75 | D:6      | Reached skill level 7 in Stealth
    75 | D:6      | Reached XP level 3. HP: 21/26 MP: 3/3
    75 | D:6      | Reached XP level 4. HP: 25/31 MP: 4/4
   214 | D:5      | Found a shimmering altar of Xom.
   347 | D:4      | Found a sacrificial altar of Ru.
   351 | D:4      | Reached XP level 5. HP: 37/37 MP: 5/5
  1557 | D:2      | Reached XP level 6. HP: 24/43 MP: 6/6
  2638 | D:3      | Found a transporter.
  2777 | D:3      | Found a transporter.
  2777 | D:3      | Noticed middlethird's ghost (amateur FoNe)
  2800 | D:3      | Reached skill level 8 in Stealth
  2859 | D:3      | Found a hide-covered altar of Uskayaw.
  3037 | D:3      | Found a hazy altar of Hepliaklqana.
  3037 | D:3      | Found a burning altar of Makhleb.
  3041 | D:3      | Became a worshipper of Hepliaklqana the Forgotten
  3119 | D:4      | Found a runed translucent gate.
  3119 | D:4      | Found a runed translucent gate.
  3227 | D:4      | Noticed jsudlow's ghost (amateur TrBe)
  3228 | D:4      | Found a runed translucent gate.
  3623 | D:5      | Noticed Ijyb
  3634 | D:5      | Killed Ijyb
  3635 | D:5      | Reached skill level 1 in Evocations
  3718 | D:5      | Found an ornate altar of the Wu Jian Council.
  3926 | D:5      | Found a staircase to the Ecumenical Temple.
  4038 | D:5      | Reached XP level 7. HP: 45/49 MP: 7/7
  4080 | D:5      | Reached * piety under Hepliaklqana
  4085 | D:5      | Found a radiant altar of Vehumet.
  4115 | D:5      | Found a stormy altar of Qazlal.
  4270 | D:5      | Found a runed translucent door.
  4271 | D:5      | Noticed Crazy Yiuf
  4307 | D:5      | Found Jippit's General Store.
  4345 | D:5      | Found a shimmering blue altar of Sif Muna.
  4407 | D:5      | Got Sif Muna's Precepts of the Caves
  4700 | D:6      | Noticed Maggie
  4718 | D:6      | Killed Maggie
  5255 | D:7      | Reached XP level 8. HP: 31/48 MP: 8/8
  5259 | D:7      | Reached skill level 5 in Fighting
  5476 | D:7      | Reached skill level 9 in Stealth
  5631 | D:7      | Noticed a yak
  5647 | D:7      | Killed a yak
  5648 | D:7      | Reached skill level 5 in Dodging
  5648 | D:7      | Reached skill level 5 in Evocations
  5664 | D:7      | Noticed a troll
  5667 | D:7      | Killed a troll
  5668 | D:7      | Reached skill level 5 in Short Blades
  5668 | D:7      | Reached XP level 9. HP: 55/55 MP: 9/9
  6428 | D:8      | Reached ** piety under Hepliaklqana
  6429 | D:8      | Remembered your ancestor Njabulo as a battlemage
  6532 | D:8      | Noticed a green ugly thing
  6546 | D:8      | Killed a green ugly thing
  6547 | D:8      | Reached skill level 10 in Stealth
  6696 | D:8      | Found a basalt altar of Yredelemnul.
  7002 | D:8      | Reached XP level 10. HP: 20/62 MP: 10/10
  7192 | D:8      | Noticed Erica
  7756 | D:8      | Killed Erica
  7757 | D:8      | Reached skill level 11 in Stealth
  8083 | D:9      | HP: 1/63 [yak (10)]
  8565 | D:9      | Found a blossoming altar of Fedhas.
  9156 | D:9      | HP: 2/63 [yak (13)]
  9497 | D:9      | Found a staircase to the Orcish Mines.
  9497 | D:9      | Found Ucoeweki's Weapon Shoppe.
  9537 | D:9      | Reached XP level 11. HP: 23/67 MP: 11/11
 10047 | D:9      | Reached skill level 1 in Shields
 10585 | D:9      | Reached skill level 10 in Evocations
 10767 | D:9      | Reached skill level 12 in Stealth
 10814 | D:9      | Found a staircase to the Lair.
 10897 | D:9      | Reached *** piety under Hepliaklqana
 11241 | D:9      | Reached skill level 1 in Invocations
 11455 | D:10     | Entered Level 10 of the Dungeon
 11585 | D:10     | Reached skill level 1 in Spellcasting
 11718 | D:10     | Found a flagged portal.
 11746 | Bailey   | Entered a bailey
 11771 | Bailey   | Reached skill level 1 in Air Magic
 11936 | Bailey   | Reached skill level 1 in Summonings
 12149 | Bailey   | Identified the +4 scimitar "Ihiaf" {flame, Contam *Rage
                  | Will+ Dex+5 SInv}
 12151 | Bailey   | Noticed an orc knight
 12155 | Bailey   | Killed an orc knight
 12158 | Bailey   | Identified the amulet of Ignis's Castigation {Regen+ Str+2
                  | Int-5 Dex+3}
 12281 | D:10     | Reached **** piety under Hepliaklqana
 12355 | D:10     | Found a bloodstained altar of Trog.
 12356 | D:10     | Noticed a wizard
 12362 | D:10     | Killed a wizard
 12657 | D:11     | Noticed a two-headed ogre
 12662 | D:11     | Killed a two-headed ogre
 13093 | D:11     | Reached XP level 12. HP: 73/73 MP: 15/15
 13126 | D:11     | Found Qumaz's Antique Weapon Shop.
 13153 | D:11     | Found a runed translucent gate.
 13188 | D:11     | Found a runed translucent gate.
 13189 | D:11     | Found a runed translucent gate.
 13190 | D:11     | Found an opulent altar of Gozag.
 13195 | D:11     | Noticed a boulder beetle
 13195 | D:11     | Noticed bronco's ghost (journeyman OgAE)
 13242 | D:11     | Noticed Nergalle
 13261 | D:11     | Killed Nergalle
 13608 | D:12     | Found Surchaxtu's Armour Emporium.
 13656 | D:12     | Found Kofusmyl's General Store.
 13664 | D:12     | Bought 2 curare-tipped darts for 40 gold pieces
 13691 | D:12     | Reached ***** piety under Hepliaklqana
 14014 | D:12     | Noticed a five-headed hydra
 14017 | D:12     | HP: 2/75 [skeletal warrior/+0 trident (15)]
 14018 | D:12     | Mangled by a skeletal warrior

Illustrated notes

Levels and vault maps discovered:
D:1:      matt_arrival_spirals, layout_basic
D:2:      layout_basic
D:3:      layout_loops_ring, gammafunk_temple_overflow_wave,
          mainiacjoe_overflow_small_starburst, gammafunk_ghost_arena
D:4:      layout_basic, nicolae_ru_great_annihilating_truth, serial_demonic,
          serial_demonic_e, serial_demonic_g, serial_demonic_c,
          serial_demonic_b, gammafunk_ghost_nasty_kobolds
D:5:      layout_loops_ring, led_sif_book, general_overflow_altar,
          xom_teletrap_fun, lemuel_round_altar, mainiacjoe_overflow_alcove_2,
          serial_shops, nicolae_shop_window_shopping, item_on_display_a,
          uniq_crazy_yiuf_cottage, uniq_ijyb
D:6:      layout_loops_cross, uniq_maggie
D:7:      layout_rooms, kb_rosetta
D:8:      cheibrodos_steamvent, layout_basic, kennysheep_mini_moat, uniq_erica
D:9:      layout_stronghold, lemuel_round_altar, grunt_lair_entry_orc_guard_hut,
          orc_david_3
D:10:     layout_rooms, trog_wizard, enter_bailey_2
D:11:     layout_irregular_city, ebering_ghost_gozag, serial_shops,
          nicolae_shop_behind_doors, uniq_nergalle
D:12:     minmay_triangles_in_corner, layout_basic, serial_shops, shop, shop

Skill      XL: |  1  2  3  4  5  6  7  8  9 10 11 12 |
---------------+-------------------------------------+-----
Stealth        | 7 8 9 10 11 12 | 12.7
Short Blades   | 3 4 5 6 7 8 |  8.0
Dodging        | 3 4 5 6 7 8 |  8.1
Fighting       | 4 5 6 7 8 |  8.3
Evocations     | 1 3 5 7 9 10 | 10.0
Shields        | 4 |  4.9
Invocations    | 3 4 |  4.5
Spellcasting   | 2 |  2.6
Air Magic      | 2 |  2.9
Summonings     | 2 |  2.7
Transmutations | |  0.2

Action                     |  1- 3 |  4- 6 |  7- 9 | 10-12 || total
---------------------------+-------+-------+-------+-------++-------
  Melee: Short sword       |     8 |   165 |   132 |   235 ||   540
         Tentacles         |     2 |    28 |    34 |    79 ||   143
         Constrict         |     1 |    35 |    21 |    46 ||   103
         Punch             |       |     3 |     3 |     4 ||    10
         Scimitar          |       |       |       |    72 ||    72
  Throw: Dart              |       |       |     9 |     6 ||    15
 Invoke: Ancestor Life: Ba |       |       |     1 |       ||     1
  Evoke: Wand              |       |       |    10 |    14 ||    24
    Use: Scroll            |       |       |    11 |    19 ||    30
         Potion            |       |       |     1 |     7 ||     8
   Stab: Sleeping          |     1 |    24 |     6 |    11 ||    42
         Paralysed         |       |     1 |     6 |     2 ||     9
         Invisible         |       |     1 |       |       ||     1
         Distracted        |       |       |     3 |    11 ||    14
 Armour: Skin              |       |     5 |     5 |     6 ||    16
  Dodge: Dodged            |     5 |    71 |    79 |   197 ||   352
  Block: Buckler           |       |       |       |    34 ||    34
